 Dungeon Crawl Stone Soup version 0.24-a0-92-g7d8ec57 (console) character file.

Game seed: 2974821657197214246

518 Duffy the Ruffian (level 7, -1/52 HPs)
             Began as a Black Draconian Transmuter on Feb 9, 2019.
             Succumbed to a scorpion's poison
             ... on level 4 of the Dungeon.
             The game lasted 00:02:01 (2364 turns).

Duffy the Ruffian (Black Draconian Transmuter)      Turns: 2364, Time: 00:02:02

Health: -1/52      AC:  6    Str: 13    XL:     7   Next: 1%
Magic:  8/10       EV: 12    Int: 15    God:
Gold:   128        SH:  0    Dex: 11    Spells: 4/10 levels left

rFire    . . .     SeeInvis .     - Unarmed
rCold    . . .     Gourm    .   (no shield)
rNeg     . . .     Faith    .   (armour unavailable)
rPois    .         Spirit   .   (helmet restricted)
rElec    +         Reflect  .   (no cloak)
rCorr    .         Harm     .   (no gloves)
MR       .....                  (no boots)
Stlth    +.........             (no amulet)
HPRegen  0.17/turn              (no ring)
MPRegen  0.12/turn              (no ring)

@: lethally poisoned (-1 -> -13)
A: breathe lightning, unfitting armour, electricity resistance, cold-blooded, AC
+6
a: Breathe Lightning


You were on level 4 of the Dungeon.
You were hungry.

You visited 1 branch of the dungeon, and saw 5 of its levels.

You collected 128 gold pieces.

Inventory:

Missiles
 a - 12 arrows
Wands
 g - a wand of paralysis (5)
Scrolls
 b - a scroll of immolation {unknown}
 d - a scroll of teleportation {unknown}
 e - a scroll of identify {unknown}
 f - a scroll of magic mapping {unknown}
 h - a scroll of enchant armour {unknown}
 j - a scroll of fear {unknown}
 l - a scroll of enchant weapon {unknown}
Potions
 i - a potion of brilliance {unknown}
 k - a potion of degeneration {unknown}
Comestibles
 c - 2 rations


   Skills:
 - Level 1.1 Fighting
 - Level 1.7 Dodging
 + Level 5.5 Unarmed Combat
 - Level 2.0 Spellcasting
 + Level 5.0 Transmutations
 - Level 3.0 Poison Magic


You had 4 spell levels left.
You knew the following spells:

 Your Spells              Type           Power        Failure   Level  Hunger
h - Spider Form           Tmut/Pois      ##........   13%         3    ###....
j - Sticks to Snakes      Tmut           ###.....     4%          2    ###....
k - Beastly Appendage     Tmut           ###...       2%          1    #......

Your spell library contained the following spells:

 Spells                   Type           Power        Failure   Level  Hunger
 Ice Form                 Ice/Tmut       #.......     61%         4    #####..
 Blade Hands              Tmut           ###.......   61%         5    ######.


Dungeon Overview and Level Annotations

Branches:
Dungeon (5/15)
 Temple: D:4-7

Altars:


Innate Abilities, Weirdness & Mutations

You can breathe wild blasts of lightning.
Your glossy black scales are hard. (AC +6)
You cannot fit into any form of body armour.
You are resistant to electric shocks. (rElec)
You are cold-blooded and may be slowed by cold attacks.


Message History

The scorpion stings you!
You are lethally poisoned!
The scorpion poisons you!
You barely miss the scorpion.
The scorpion is heavily wounded.
You feel sick.
You kill the scorpion!
Your Transmutations skill increases to level 5!
You have reached level 7!
Your scales start taking on a glossy black colour.
You learn Air Magic much quicker.
You learn Earth Magic much slower.
You can breathe wild blasts of lightning.
You feel insulated.
Your transformation has ended.
You feel sick.
Things that are here:
2 tomahawks; a +0 leather armour; a scorpion corpse You feel sick.
Items here: %%%%% ))))) ? [[[[ You die...

## #.# #. #.# #. ## #.#
#. .# #.# #.#$# #.# #####
#.>.# #.#
###...#########.## ##.##
####.###...#.............
#.#
...(......###.###.####.#
#.# .#######...#..# #@#
#.# ####. .......## #)#
#.# .....###..#..# #(#
..# ##### #..#..# #.# ###
#....... ..# #.##........
.##.# ###.# #.# ...


There were no monsters in sight!

Vanquished Creatures
  An ogre (D:4)
  A scorpion (D:4)
  A howler monkey (D:4)
  An orc priest (D:4)
  A hound (D:4)
  5 orc wizards
  An iguana (D:4)
  3 worker ants
  An adder skeleton (D:4)
  A dart slug (D:1)
  16 orcs
  2 goblins
  6 jackals
  A quokka (D:2)
  A bat (D:2)
  2 frilled lizards
  3 kobolds
  4 rats
51 creatures vanquished.

Notes
Turn   | Place    | Note
-------+----------+-------------------------------------------
     0 | D:1      | Duffy the Draconian Transmuter began the quest for the Orb.
     0 | D:1      | Reached XP level 1. HP: 16/16 MP: 3/3
   300 | D:2      | Reached XP level 2. HP: 20/23 MP: 5/5
   563 | D:2      | Learned a level 2 spell: Sticks to Snakes
   757 | D:4      | Reached XP level 3. HP: 11/28 MP: 6/6
   762 | D:4      | Learned a level 3 spell: Spider Form
  1008 | D:3      | Reached XP level 4. HP: 33/35 MP: 4/7
  1046 | D:4      | Reached skill level 1 in Poison Magic
  1223 | D:5      | Entered Level 5 of the Dungeon
  1245 | D:5      | Reached XP level 5. HP: 40/40 MP: 8/8
  1452 | D:4      | Noticed an ogre
  1462 | D:4      | Killed an ogre
  1462 | D:4      | Reached XP level 6. HP: 21/47 MP: 5/9
  1612 | D:5      | Reached skill level 5 in Unarmed Combat
  2361 | D:4      | HP: 2/47 [poisoned by a scorpion]
  2361 | D:4      | Reached skill level 5 in Transmutations
  2361 | D:4      | Your scales start taking on a glossy black colour.
  2361 | D:4      | Reached XP level 7. HP: 3/52 MP: 8/10
  2361 | D:4      | Gained mutation: You are resistant to electric shocks.
                  | (rElec) [Black Draconian growth]
  2364 | D:4      | Succumbed to a scorpion's poison

Levels and vault maps discovered:
D:1:      tarquinn_simple_flora_water_f, layout_loops_ring
D:2:      cheibrodos_old_hovel, layout_basic, nicolae_overflow_hidden_temple,
          uniq_crazy_yiuf_cottage
D:3:      layout_rooms, kennysheep_ying_yang, hex_tiny, kennysheep_pointless_box
D:4:      layout_loops_ring, minmay_misc_feat_rugged, trog_three_pillars_becter
D:5:      layout_loops_cross, lemuel_coloured_pillars_altar,
          minmay_temple_entry_offerings, first_ration

Skill      XL: |  1  2  3  4  5  6 |
---------------+-------------------+-----
Transmutations | 3 4 5 |  5.0
Unarmed Combat | 4 5 |  5.5
Poison Magic   | 1 2 3 |  3.0
Fighting       | |  1.1
Dodging        | |  1.7
Spellcasting   | |  2.0

Action                   |  1- 3 |  4- 6 |  7- 9 || total
-------------------------+-------+-------+-------++-------
Melee: Unarmed           |    82 |    96 |       ||   178
       Punch             |     3 |       |       ||     3
       Tailslap          |     4 |     1 |       ||     5
 Cast: Spider Form       |     1 |     9 |       ||    10
 Stab: Sleeping          |     1 |       |       ||     1
  Eat: Chunk             |       |     5 |       ||     5
Armor: Skin              |    23 |     6 |       ||    29
Dodge: Dodged            |    52 |    64 |       ||   116

Table legend:
 A = Non-vault XP
 B = Vault XP
 C = Vault XP percentage of total XP
 D = Non-vault monster count
 E = Vault monster count
 F = Vault count percentage of total count
                 A         B        C        D         E       F
            +---------+---------+-------+---------+---------+-------
      Total |     740 |       0 |   0.0 |      51 |       0 |   0.0
            +---------+---------+-------+---------+---------+-------
        D:1 |      10 |       0 |   0.0 |       6 |       0 |   0.0
        D:2 |       7 |       0 |   0.0 |       4 |       0 |   0.0
        D:3 |      38 |       0 |   0.0 |       4 |       0 |   0.0
        D:4 |     548 |       0 |   0.0 |      29 |       0 |   0.0
        D:5 |     137 |       0 |   0.0 |       8 |       0 |   0.0
            +---------+---------+-------+---------+---------+-------
